 Dungeon Crawl Stone Soup version 0.29-a0-409-gd843f3a48c (webtiles) character file.

Game seed: 16557405017911262126

217 frimble the Grasshopper (level 5, -1/64 HPs)
             Began as a Gnoll Warper on May 14, 2022.
             Slain by an orc wizard
             ... wielding a +2 dagger of venom
              (4 damage)
             ... on level 3 of the Dungeon.
             The game lasted 00:02:51 (3260 turns).

frimble the Grasshopper (Gnoll Warper)              Turns: 3260, Time: 00:02:51

Health: -1/64      AC:  3    Str: 17    XL:     5   Next: 94%
Magic:  12/12      EV: 13    Int: 14    God:
Gold:   201        SH:  0    Dex: 14    Spells: 6/14 levels left

rFire   . . .      SeeInvis .     - Unarmed
rCold   . . .      Faith    .   (no shield)
rNeg    . . .      Spirit   .   a - +0 leather armour
rPois   .          Reflect  .   (no helmet)
rElec   .          Harm     .   (no cloak)
rCorr   .          Rampage  .   (no gloves)
Will    .....                   (no boots)
Stlth   ..........              (no amulet)
HPRegen 0.20/turn               i - +6 ring of strength
MPRegen 0.13/turn               p - ring of the Lily {Fly Dex+3}

@: berserking, lethally poisoned (-1 -> -8), flying, very quick
A: fangs 1, strong nose, distributed training
a: no special abilities


You were on level 3 of the Dungeon.
You visited 1 branch of the dungeon, and saw 3 of its levels.

You collected 201 gold pieces.

Inventory:

Missiles
 c - 7 boomerangs of dispersal (quivered)
 d - 3 curare-tipped darts
Armour
 a - a +0 leather armour (worn)
Jewellery
 i - a +6 ring of strength (left hand)
 j - a ring of see invisible
 p - the ring of the Lily (right hand) {Fly Dex+3}
   (You found it on level 3 of the Dungeon)

   [ring of flight]

   Dex:       It affects your dexterity (+3).
   Fly:       It grants you flight.
Scrolls
 b - a scroll of blinking
 g - a scroll of poison
 h - a scroll of teleportation {unknown}
 k - 2 scrolls of enchant armour {unknown}
 m - a scroll of identify
 o - a scroll of magic mapping {unknown}
Potions
 f - a potion of cancellation {unknown}
 l - a potion of degeneration {unknown}
 n - a potion of mutation {unknown}


   Skills:
 + Level 4.9 Fighting
 + Level 1.7 Short Blades
 + Level 1.7 Long Blades
 + Level 1.7 Axes
 + Level 1.7 Maces & Flails
 + Level 1.7 Polearms
 + Level 1.7 Staves
 + Level 1.7 Slings
 + Level 1.7 Bows
 + Level 1.7 Crossbows
 + Level 3.1 Throwing
 + Level 3.1 Armour
 + Level 4.9 Dodging
 + Level 1.7 Stealth
 + Level 1.7 Shields
 + Level 4.9 Unarmed Combat
 + Level 5.2 Spellcasting
 + Level 1.3 Conjurations
 + Level 1.3 Hexes
 + Level 1.3 Summonings
 + Level 1.3 Necromancy
 + Level 5.6 Translocations
 + Level 1.3 Transmutations
 + Level 1.3 Fire Magic
 + Level 1.3 Ice Magic
 + Level 1.3 Air Magic
 + Level 1.3 Earth Magic
 + Level 1.3 Poison Magic
 + Level 1.9 Invocations
 + Level 1.7 Evocations


You had 6 spell levels left.
You knew the following spells:

 Your Spells              Type           Power      Damage    Failure   Level
a - Blink                 Tloc           38%        N/A       3%          2
b - Apportation           Tloc           38%        N/A       1%          1
c - Passwall              Tmut/Erth      5%         N/A       17%         2
d - Ignite Poison         Fire/Tmut/Pois 7%         N/A       34%         3

Your spell library contained the following spells:

 Spells                   Type           Power      Damage    Failure   Level
 Gell's Gravitas          Tloc           19%        N/A       6%          3
 Lesser Beckoning         Tloc           19%        N/A       6%          3
 Teleport Other           Tloc           19%        N/A       6%          3
 Beastly Appendage        Tmut           14%        N/A       12%         1
 Passage of Golubria      Tloc           19%        N/A       21%         4
 Manifold Assault         Tloc           19%        N/A       50%         5


Dungeon Overview and Level Annotations

Branches:
Dungeon (3/15)

Altars:
Uskayaw

Annotations:
D:2 dig
D:3 2 transporters


Innate Abilities, Weirdness & Mutations

You have very sharp teeth.
Your uncanny sense of smell can sniff out nearby items.
Your experience applies equally to all skills.


Message History

You hit the orc.
The orc is heavily wounded.
You feel sick. Something hits you. The orc hits you with a +0 dagger.
You are too injured to fight recklessly!
You are too injured to fight recklessly!
You are too injured to fight recklessly!
You are too injured to fight recklessly!
You are too injured to fight recklessly!
You are too injured to fight recklessly!
You are too injured to fight recklessly!
You are too injured to fight recklessly!
You are too injured to fight recklessly!
You hit the orc but do no damage.
The orc is heavily wounded.
You hear some strange, mumbled words.
A magic dart appears from out of thin air!
The magic dart hits you! The orc hits you but does no damage.
You closely miss the orc. You bite the orc, but do no damage.
The orc is heavily wounded.
You feel sick. The orc hits you with a +0 dagger. Something hits you.
You barely miss the orc.
The orc is heavily wounded.
You feel sick. The orc hits you with a +0 dagger. Something hits you.
You are more poisoned.
You hit the orc.
The orc is almost dead.
* * * LOW HITPOINT WARNING * * *
You feel very sick. Something hits you.
* * * LOW HITPOINT WARNING * * *
The orc hits you with a +0 dagger.
* * * LOW HITPOINT WARNING * * *
It was a potion of berserk rage.
A red film seems to cover your vision as you go berserk!
You feel yourself moving faster!
You feel mighty!
* * * LOW HITPOINT WARNING * * *
You feel sick. The orc hits you with a +0 dagger.
* * * LOW HITPOINT WARNING * * *
Something hits you.
You die...

#.# #.# # ..#### .#
#... .##.....####.#.
.# .##..##....
.##.#...##.#.##
......©.......######
..#########.#......#
#.#8P.©$P8#...##.###
#.#P../..P#..###@#
#.####+####..#
#o{...$..
#.#.≈...≈5#..#
#####..##
#.#.≈...≈5#..#######
#
..#.≈≈P≈≈.#.........
#.#.≈≈⌠≈≈.#.########
#.#5≈≈≈≈≈.#.#
#.#5≈...≈.#.#
#.#o≈...≈.#.#


You could see an orc.

Vanquished Creatures
  A phantom (D:3)
  An orc wizard (D:3)
  4 gnolls
  2 adders (D:2)
  A worm (D:2)
  3 dart slugs
  3 ball pythons (D:1)
  4 bats
  7 endoplasms
  2 giant cockroaches
  4 goblins (D:2)
  8 hobgoblins
  3 jackals (D:1)
  2 quokkas
  3 frilled lizards (D:2)
  4 kobolds
  4 rats
56 creatures vanquished.

Notes
Turn   | Place    | Note
-------+----------+-------------------------------------------
     0 | D:1      | frimble the Gnoll Warper began the quest for the Orb.
     0 | D:1      | Reached XP level 1. HP: 20/20 MP: 6/6
    61 | D:1      | Found a faded altar of an unknown god.
   363 | D:1      | Reached XP level 2. HP: 26/26 MP: 7/7
   393 | D:1      | Learned a level 2 spell: Blink
   912 | D:1      | Reached XP level 3. HP: 16/31 MP: 9/9
  1095 | D:1      | Reached skill level 5 in Spellcasting
  1465 | D:2      | Identified a scroll of acquirement
  1466 | D:2      | Acquired Sif Muna's Volume of the Unstable Compass
  1489 | D:2      | Reached skill level 1 in Invocations
  1702 | D:2      | Found a hide-covered altar of Uskayaw.
  1830 | D:2      | Learned a level 1 spell: Apportation
  1833 | D:2      | Learned a level 2 spell: Passwall
  1837 | D:2      | Learned a level 3 spell: Ignite Poison
  1879 | D:2      | Reached skill level 1 in Short Blades
  1879 | D:2      | Reached skill level 1 in Long Blades
  1879 | D:2      | Reached skill level 1 in Axes
  1879 | D:2      | Reached skill level 1 in Maces & Flails
  1879 | D:2      | Reached skill level 1 in Polearms
  1879 | D:2      | Reached skill level 1 in Staves
  1879 | D:2      | Reached skill level 1 in Slings
  1879 | D:2      | Reached skill level 1 in Bows
  1879 | D:2      | Reached skill level 1 in Crossbows
  1879 | D:2      | Reached skill level 1 in Stealth
  1879 | D:2      | Reached skill level 1 in Shields
  1879 | D:2      | Reached skill level 1 in Evocations
  2115 | D:2      | Reached XP level 4. HP: 38/38 MP: 11/11
  2610 | D:2      | Reached skill level 1 in Conjurations
  2610 | D:2      | Reached skill level 1 in Hexes
  2610 | D:2      | Reached skill level 1 in Summonings
  2610 | D:2      | Reached skill level 1 in Necromancy
  2610 | D:2      | Reached skill level 1 in Transmutations
  2610 | D:2      | Reached skill level 1 in Fire Magic
  2610 | D:2      | Reached skill level 1 in Ice Magic
  2610 | D:2      | Reached skill level 1 in Air Magic
  2610 | D:2      | Reached skill level 1 in Earth Magic
  2610 | D:2      | Reached skill level 1 in Poison Magic
  2768 | D:3      | Reached XP level 5. HP: 43/43 MP: 12/12
  2864 | D:3      | Noticed a phantom
  2884 | D:3      | Killed a phantom
  3014 | D:3      | Found a hide-covered altar of Uskayaw.
  3182 | D:3      | Found a transporter.
  3191 | D:3      | Found a transporter.
  3192 | D:3      | Identified the ring of the Lily {Fly Dex+3}
  3260 | D:3      | HP: 3/64 [orc/+0 dagger (3)]
  3260 | D:3      | Slain by an orc wizard

Illustrated notes

Levels and vault maps discovered:
D:1:      lightli_arrival_flooded_house, layout_loops_ring,
          ebering_ecumenical_altar_box, hangedman_feature_mirror,
          amethyst_killhole
D:2:      layout_loops_corners, basic_altar, minmay_surrounded
D:3:      gammafunk_wand_slinger, layout_loops_ring, nicolae_overflow_squiral,
          mainiacjoe_overflow_surrounded_room, mainiacjoe_overflow_alcove_1

Skill      XL: |  1  2  3  4  5 |
---------------+----------------+-----
Spellcasting   | 5 |  5.2
Invocations    | 1 |  1.9
Short Blades   | 1 |  1.7
Long Blades    | 1 |  1.7
Axes           | 1 |  1.7
Maces & Flails | 1 |  1.7
Polearms       | 1 |  1.7
Staves         | 1 |  1.7
Slings         | 1 |  1.7
Bows           | 1 |  1.7
Crossbows      | 1 |  1.7
Stealth        | 1 |  1.7
Shields        | 1 |  1.7
Evocations     | 1 |  1.7
Conjurations   | 1 |  1.3
Hexes          | 1 |  1.3
Summonings     | 1 |  1.3
Necromancy     | 1 |  1.3
Transmutations | 1 |  1.3
Fire Magic     | 1 |  1.3
Ice Magic      | 1 |  1.3
Air Magic      | 1 |  1.3
Earth Magic    | 1 |  1.3
Poison Magic   | 1 |  1.3
Throwing       | 3 |  3.1
Armour         | 3 |  3.1
Fighting       | |  4.9
Dodging        | |  4.9
Unarmed Combat | |  4.9
Translocations | |  5.6

Action                   |  1- 3 |  4- 6 || total
-------------------------+-------+-------++-------
Melee: Unarmed           |   141 |    85 ||   226
       Bite              |    19 |     9 ||    28
       Staff             |     8 |       ||     8
       Punch             |     1 |     2 ||     3
 Cast: Blink             |       |     1 ||     1
  Use: Scroll            |     2 |     1 ||     3
       Potion            |       |     1 ||     1
 Stab: Sleeping          |       |     1 ||     1
Armor: Leather armour    |    42 |     9 ||    51
Dodge: Dodged            |    87 |    50 ||   137

Table legend: (Time is in decaauts)
 A = Elapsed time spent in this place.
 B = Non-inter-level travel time spent in this place.
 C = Inter-level travel time spent in this place.
 D = Time resting spent in this place.
 E = Time spent auto-exploring this place.
 F = Levels seen in this place.
 G = Mean time per level.
                   A        B        C        D        E       F      G
               +--------+--------+--------+--------+--------+-----+--------+
         Total |   3241 |   3205 |     36 |     80 |   2660 |   3 | 1080.3 |
       Dungeon |   3241 |   3205 |     36 |     80 |   2660 |   3 | 1080.3 |
               +--------+--------+--------+--------+--------+-----+--------+

Top non-repeatable levels by time:
     D:1: 1458 daAuts
     D:2: 1269 daAuts
     D:3: 514 daAuts
